 Dungeon Crawl Stone Soup version 0.26-a0-651-gb41185065b (webtiles) character file.

Game seed: 4401749658383330904

17346 Flugslaktarn the Cleaver (level 12, -11/117 HPs)
             Began as a Deep Dwarf Fighter on Oct 6, 2020.
             Was an Elder of Makhleb.
             Splashed by Maurice's acid (12 damage)
             ... on level 11 of the Dungeon.
             The game lasted 00:04:52 (6192 turns).

Flugslaktarn the Cleaver (Deep Dwarf Fighter)       Turns: 6192, Time: 00:04:53

Health: -11/117    AC:  8    Str: 25    XL:     12   Next: 18%
Magic:  2/7        EV:  9    Int:  8    God:    Makhleb [****..]
Gold:   0          SH:  0    Dex: 13    Spells: 11/11 levels left

rFire    . . .     SeeInvis .   l - +4 battleaxe
rCold    . . .     Faith    .   (shield currently unavailable)
rNeg     . . .     Spirit   .   i - +1 plate armour
rPois    +         Reflect  .   (no helmet)
rElec    .         Harm     .   (no cloak)
rCorr    .         Rampage  .   (no gloves)
MR       +....                  v - +1 pair of boots
Stlth    ..........             g - amulet of the acrobat
HPRegen  0.00/turn              o - ring of poison resistance
MPRegen  0.10/turn              (no ring)

@: corroded, non-regenerating, heavily drained
A: damage resistance, heal wounds, sense surroundings 2, no regeneration
a: Heal Wounds, Minor Destruction, Lesser Servant of Makhleb, Major Destruction,
Renounce Religion


You were on level 11 of the Dungeon.
You worshipped Makhleb.
Makhleb was greatly pleased with you.
You visited 2 branches of the dungeon, and saw 12 of its levels.

Inventory:

Hand Weapons
 l - a +4 battleaxe (weapon)
   (You took it off a wight on level 8 of the Dungeon)
Armour
 i - a +1 plate armour (worn)
   (You found it on level 5 of the Dungeon)
 p - a +0 chain mail
   (You found it on level 5 of the Dungeon)
 v - a +1 pair of boots (worn)
   (You found it on level 9 of the Dungeon)
Jewellery
 g - an amulet of the acrobat (around neck)
   (You found it on level 2 of the Dungeon)
 o - a ring of poison resistance (left hand)
   (You found it on level 1 of the Dungeon)
Wands
 r - a wand of iceblast (10)
   (You found it on level 11 of the Dungeon)
 u - a wand of digging (12)
   (You found it on level 7 of the Dungeon)
Scrolls
 j - 2 scrolls of magic mapping
 m - 2 scrolls of immolation
 s - a scroll of fog
 t - 2 scrolls of teleportation
 x - 7 scrolls of remove curse
Potions
 b - a potion of magic
 e - 3 potions of cancellation
 f - 2 potions of stabbing
 h - a potion of haste
 k - a potion of flight
 n - 2 potions of resistance
 q - 2 potions of curing
 w - a potion of mutation {unknown}


   Skills:
 * Level 10.4(8.3) Fighting
 * Level 12.0(9.8) Axes
 + Level 9.1(7.1) Armour
 + Level 6.0(4.1) Dodging
   Level 6.7(4.8) Shields
 + Level 9.1(7.1) Invocations


You had 11 spell levels left.
You didn't know any spells.
Your spell library was empty.

Dungeon Overview and Level Annotations

Branches:
Dungeon (11/15)            Temple (1/1) D:6            Lair (0/6) D:10
    Orc: D:9-12

Altars:
Ashenzari
Cheibriados
Dithmenos
Elyvilon
Fedhas
Kikubaaqudgha
Makhleb
Nemelex Xobeh
Okawaru
Ru
Sif Muna
Trog
Uskayaw
Vehumet
Wu Jian
Xom
Yredelemnul
Zin
The Shining One

Shops:
D:10 !

Annotations:
D:5 Prince Ribbit
D:10 3 runed translucent doors, Irenicus's ghost, novice DDEE
D:11 exclusion: ice statue, Maurice


Innate Abilities, Weirdness & Mutations

You are resistant to damage.
You can heal yourself by infusing magical energy.
You passively map the area around you.
You do not regenerate.


Message History

No target in view!
Something misses you.
You miss something.
You hear a zap.
A bolt of acid appears from out of thin air!
The bolt of acid hits you. The acid corrodes you!
You are splashed with acid!
You miss something.
You hear a zap.
A bolt of acid appears from out of thin air!
The bolt of acid hits you!
* * * LOW HITPOINT WARNING * * *
The acid corrodes you!
You are splashed with acid!
* * * LOW HITPOINT WARNING * * *
You miss something.
You hear a zap.
A bolt of acid appears from out of thin air!
The bolt of acid hits you!!
* * * LOW HITPOINT WARNING * * *
You are splashed with acid!
You die...

**############################ ,
............................ ,
............................
..................##########
..................########## * *
............)...............
............................ *
##..[.............##########
#.........@{)...##...## #
#.............>.#.....#####
#####....^..........#..........
###...................#.....#####
......................##...##...#
....._.................##.##.....
###......###########....#.#......
# #.....## #....#.'...).. #
####### #....#.#......


There were no monsters in sight!

Vanquished Creatures
  4 two-headed ogres
  Urug (D:10)
  An ugly thing (D:11)
  10 deep elf magi (D:11)
  Joseph (D:10)
  Psyche (D:11)
  A troll (D:9)
  4 hippogriffs
  A wyvern (D:10)
  A wraith (D:11)
  5 yaks (D:11)
  A basilisk (D:10)
  Edmund (D:5)
  A porcupine (D:10)
  Duvessa (D:5)
  An ice beast (D:7)
  A sky beast (D:11)
  6 black bears
  An eye of draining (D:11)
  4 orc warriors
  7 ogres
  A necrophage (D:11)
  2 wolves (D:10)
  5 centaurs
  A big kobold (D:9)
  3 crocodiles (D:10)
  A wyvern zombie (D:10)
  11 bullfrogs
  A gnoll sergeant (D:6)
  Dowan (D:5)
  A water moccasin skeleton (D:11)
  6 scorpions
  15 killer bees
  9 wights (D:8)
  3 bullfrog zombies
  6 orc priests
  5 hounds
  A jelly (D:10)
  2 bullfrog skeletons
  2 centaur skeletons
  14 orc wizards
  6 iguanas
  5 worker ants
  A killer bee zombie (D:7)
  A howler monkey zombie (D:10)
  A worker ant zombie (D:5)
  7 gnolls
  4 adders
  2 shadow imps
  3 white imps
  2 ufetubi
  3 adder skeletons
  2 adder zombies
  2 worms (D:3)
  2 dart slugs
  6 leopard geckos
  28 orcs
  A giant cockroach (D:6)
  A goblin (D:3)
  A hobgoblin (D:2)
  11 jackals
  5 kobolds
  4 quokkas
  A ball python (D:3)
  2 bats (D:1)
  A frilled lizard (D:4)
  A leopard gecko skeleton (D:4)
  A quokka skeleton (D:8)
  A rat (D:2)
249 creatures vanquished.

Vanquished Creatures (others)
  An unseen horror (D:11)
  2 fungi (D:10)
  6 plants (D:10)
9 creatures vanquished.

Grand Total: 258 creatures vanquished

Notes
Turn   | Place    | Note
-------+----------+-------------------------------------------
     0 | D:1      | Flugslaktarn the Deep Dwarf Fighter began the quest for the
                  | Orb.
     0 | D:1      | Reached XP level 1. HP: 20/20 MP: 1/1
   109 | D:2      | Reached XP level 2. HP: 25/28 MP: 2/2
   199 | D:2      | Found a sparkling altar of Nemelex Xobeh.
   254 | D:3      | Reached XP level 3. HP: 30/34 MP: 3/3
   304 | D:4      | Reached skill level 3 in Axes
   420 | D:4      | Reached XP level 4. HP: 42/42 MP: 3/3
   531 | D:4      | Reached XP level 5. HP: 40/50 MP: 4/4
   561 | D:4      | Reached skill level 4 in Axes
   803 | D:5      | Entered Level 5 of the Dungeon
   827 | D:5      | Found a faded altar of an unknown god.
   827 | D:5      | Found an ornate altar of the Wu Jian Council.
   827 | D:5      | Noticed Dowan
   828 | D:5      | Noticed Duvessa
   851 | D:5      | Killed Duvessa
   851 | D:5      | Reached XP level 6. HP: 40/57 MP: 4/4
   859 | D:5      | Killed Dowan
   866 | D:5      | Found a glowing golden altar of the Shining One.
   868 | D:5      | Found a broken altar of Ashenzari.
   870 | D:5      | Found a snail-covered altar of Cheibriados.
   889 | D:5      | Found a broken altar of Ashenzari.
  1034 | D:5      | Reached skill level 5 in Axes
  1111 | D:5      | Reached XP level 7. HP: 42/66 MP: 5/5
  1187 | D:5      | Noticed Edmund
  1203 | D:5      | Killed Edmund
  1203 | D:5      | Reached skill level 5 in Fighting
  1241 | D:5      | Noticed Prince Ribbit
  1707 | D:6      | Found a staircase to the Ecumenical Temple.
  1724 | Temple   | Entered the Ecumenical Temple
  1826 | Temple   | Became a worshipper of Makhleb the Destroyer
  1971 | D:6      | Reached skill level 5 in Armour
  1991 | D:6      | Reached skill level 5 in Shields
  1991 | D:6      | Reached skill level 1 in Invocations
  2022 | D:6      | Reached skill level 6 in Axes
  2023 | D:6      | Reached XP level 8. HP: 39/75 MP: 3/5
  2246 | D:6      | Found a snail-covered altar of Cheibriados.
  2893 | D:7      | Reached skill level 7 in Axes
  2897 | D:7      | Reached * piety under Makhleb
  3505 | D:8      | Gained mutation: You passively map the area around you.
                  | [Deep Dwarf growth]
  3505 | D:8      | Reached XP level 9. HP: 62/85 MP: 4/4
  3690 | D:8      | Reached skill level 8 in Axes
  3806 | D:8      | Reached skill level 5 in Invocations
  4104 | D:8      | Reached ** piety under Makhleb
  4202 | D:8      | Noticed a two-headed ogre
  4209 | D:8      | Killed a two-headed ogre
  4209 | D:8      | Reached skill level 9 in Axes
  4209 | D:8      | Reached skill level 1 in Dodging
  4209 | D:8      | Reached XP level 10. HP: 42/96 MP: 4/6
  4542 | D:9      | Found a white marble altar of Elyvilon.
  4602 | D:9      | Noticed a two-headed ogre
  4618 | D:9      | Killed a two-headed ogre
  4963 | D:10     | Entered Level 10 of the Dungeon
  4968 | D:10     | Reached *** piety under Makhleb
  4997 | D:10     | Noticed Joseph
  5025 | D:10     | Reached skill level 10 in Axes
  5040 | D:10     | Killed Joseph
  5055 | D:10     | Found a staircase to the Lair.
  5160 | D:10     | Noticed a two-headed ogre
  5168 | D:10     | Killed a two-headed ogre
  5168 | D:10     | Reached XP level 11. HP: 55/106 MP: 7/7
  5245 | D:10     | Noticed a two-headed ogre
  5260 | D:10     | Killed a two-headed ogre
  5284 | D:10     | Found Tasubb's Distillery.
  5391 | D:10     | Noticed Urug
  5419 | D:10     | Killed Urug
  5468 | D:10     | Found a runed translucent gate.
  5469 | D:10     | Found a runed translucent gate.
  5469 | D:10     | Found a runed translucent gate.
  5476 | D:10     | Noticed Irenicus's ghost (novice DDEE)
  5746 | D:11     | Found a snail-covered altar of Cheibriados.
  5778 | D:11     | Reached **** piety under Makhleb
  5779 | D:11     | Noticed Psyche
  5786 | D:11     | Killed an unseen horror
  5786 | D:11     | Reached skill level 11 in Axes
  5790 | D:11     | Noticed a deep elf mage
  5792 | D:11     | Noticed a deep elf mage
  5792 | D:11     | Noticed a deep elf mage
  5793 | D:11     | Noticed a deep elf mage
  5795 | D:11     | Noticed a deep elf mage
  5796 | D:11     | Killed Psyche
  5799 | D:11     | Noticed a deep elf mage
  5803 | D:11     | Noticed a deep elf mage
  5806 | D:11     | Noticed a deep elf mage
  5809 | D:11     | Killed a deep elf mage
  5809 | D:11     | Reached skill level 5 in Dodging
  5809 | D:11     | Killed a deep elf mage
  5814 | D:11     | Noticed a soul eater
  5816 | D:11     | Killed a deep elf mage
  5821 | D:11     | Killed a deep elf mage
  5824 | D:11     | Killed a deep elf mage
  5824 | D:11     | Reached skill level 10 in Fighting
  5827 | D:11     | Killed a deep elf mage
  5831 | D:11     | Killed a deep elf mage
  5839 | D:11     | Killed a deep elf mage
  5998 | D:11     | Identified the cursed +1 great sword of the Shore {drain,
                  | rC+ Str+4 Int+3}
  5998 | D:11     | Noticed Maurice
  6004 | D:11     | Reached XP level 12. HP: 116/116 MP: 7/7
  6176 | D:11     | Reached skill level 12 in Axes
  6192 | D:11     | HP: 1/117 [something/bolt of acid (16)]
  6192 | D:11     | Splashed by Maurice's acid

Illustrated notes

Levels and vault maps discovered:
D:1:      matt_arrival_grand_opening, layout_basic
D:2:      layout_basic, nemelex_altar_shiori
D:3:      layout_loops_ring, grunt_temple_overflow_open, lightli_corner_chamber
D:4:      layout_rooms
D:5:      layout_rooms, chequers_temple_overflow_minitemple, basic_altar,
          chequers_mini_garden, minmay_statues_item, uniq_duvessa,
          uniq_prince_ribbit1, uniq_edmund
D:6:      layout_basic, minmay_temple_entry_glass, basic_altar
D:7:      layout_gridville
D:8:      layout_cave_pods, minmay_between
D:9:      layout_loops_ring, elyvilon_altar_3
D:10:     layout_gridville, minmay_lair_entry_grove, gammafunk_ghost_necromancy,
          serial_shops, shop, uniq_joseph, uniq_urug
D:11:     minmay_octagon_keep, layout_long_grid, serial_shops, shop,
          basic_altar, minivault_16, elves_outpost_lemuel, uniq_psyche,
          uniq_maurice
Temple:   dshaligram_water_room_temple

Skill      XL: |  1  2  3  4  5  6  7  8  9 10 11 12 |
---------------+-------------------------------------+-----
Fighting       | 3 4 5 6 7 9 10 | 10.4
Axes           | 3 4 5 6 7 9 10 11 12 | 12.0
Armour         | 4 5 6 7 8 9 |  9.1
Shields        | 4 5 6 |  6.7
Invocations    | 1 3 5 7 8 9 |  9.1
Dodging        | 1 4 5 6 |  6.0

Action                   |  1- 3 |  4- 6 |  7- 9 | 10-12 || total
-------------------------+-------+-------+-------+-------++-------
Melee: War axe           |    79 |    97 |   359 |       ||   535
       Battleaxe         |       |       |     6 |   392 ||   398
 Abil: Heal Wounds       |     1 |     5 |    16 |    28 ||    50
  Use: Scroll            |       |       |    14 |     4 ||    18
       Potion            |       |       |     1 |     3 ||     4
 Stab: Distracted        |       |       |       |     1 ||     1
Armor: Scale mail        |    27 |    40 |       |       ||    67
       Chain mail        |       |     9 |    17 |       ||    26
       Plate armour      |       |       |   225 |   429 ||   654
Dodge: Dodged            |    24 |    32 |   141 |   287 ||   484
Block: Kite shield       |    47 |    64 |   258 |       ||   369

Table legend: (Time is in decaauts)
 A = Elapsed time spent in this place.
 B = Non-inter-level travel time spent in this place.
 C = Inter-level travel time spent in this place.
 D = Time resting spent in this place.
 E = Time spent auto-exploring this place.
 F = Levels seen in this place.
 G = Mean time per level.
                   A        B        C        D        E       F      G
               +--------+--------+--------+--------+--------+-----+--------+
         Total |   6416 |   6168 |    248 |      0 |   4269 |  12 |  534.7 |
       Dungeon |   6301 |   6097 |    204 |      0 |   4200 |  11 |  572.8 |
        Temple |    115 |     71 |     44 |      0 |     69 |   1 |  115.0 |
               +--------+--------+--------+--------+--------+-----+--------+

Top non-repeatable levels by time:
     D:6: 1025 daAuts
     D:8: 883 daAuts
     D:5: 816 daAuts
     D:7: 806 daAuts
    D:10: 795 daAuts
     D:9: 639 daAuts
     D:4: 530 daAuts
    D:11: 485 daAuts
     D:2: 166 daAuts
  Temple: 115 daAuts
     D:1: 78 daAuts
     D:3: 72 daAuts
